 Seeded DCSS version 0.29.1-15-g9cfb28693d (webtiles) character file.

Game seed: 17220236881765517076 (custom seed)

95 Darius099 the Ruffian (level 4, -1/43 (44) HPs)
             Began as a Troll Monk on Mar 7, 2023.
             Slain by an ogre
             ... wielding a +0 giant spiked club
              (26 damage)
             ... on level 5 of the Dungeon.
             The game lasted 00:03:43 (1632 turns).

Darius099 the Ruffian (Troll Monk)                  Turns: 1632, Time: 00:03:43

HP:   -1/43 (44)    AC:  4    Str: 19    XL:     4   Next: 40%
MP:   3/3           EV: 10    Int:  6    God:
Gold: 174           SH:  0    Dex: 14    Spells: 3/3 levels left

rFire   . . .      SeeInvis .     - Unarmed
rCold   . . .      Faith    .   (no shield)
rNeg    . . .      Spirit   .   a - +0 robe
rPois   .          Reflect  .   (helmet restricted)
rElec   .          Harm     .   (no cloak)
rCorr   .          Rampage  .   (gloves unavailable)
Will    .....                   (boots unavailable)
Stlth   ++........              (no amulet)
HPRegen 0.94/turn               (no ring)
MPRegen 0.08/turn               (no ring)

@: lethally poisoned (-1 -> -2), lightly drained
A: large, unfitting armour, claws 3, regeneration 1, shaggy fur 1, tough skin 1
a: no special abilities


You were on level 5 of the Dungeon.
You visited 1 branch of the dungeon, and saw 5 of its levels.

You collected 174 gold pieces.

Inventory:

Armour
 a - a +0 robe (worn)
Scrolls
 c - a scroll of enchant weapon {unknown}
 e - 2 scrolls of teleportation {unknown}
 f - a scroll of poison {unknown}
 g - a scroll of noise {unknown}
 j - a scroll of fear {unknown}
 k - a scroll of vulnerability {unknown}
 l - a scroll of amnesia {unknown}
Potions
 b - a potion of ambrosia
 d - a potion of curing
 h - 2 potions of degeneration {unknown}
 i - a potion of cancellation {unknown}
 m - a potion of mutation {unknown}


   Skills:
 - Level 2.5 Fighting
 - Level 2.5 Dodging
 - Level 1.1 Stealth
 + Level 4.9 Unarmed Combat


You had 3 spell levels left.
You didn't know any spells.
Your spell library contained the following spells:

 Spells                   Type           Power      Damage    Failure   Level
 Sting                    Tmut/Pois      0%         1d3       45%         1
 Poisonous Vapours        Pois/Air       0%         N/A       58%         2
 Dazzling Flash           Conj/Hex       0%         N/A       83%         3
 Iskenderun's Mystic Bla  Conj/Tloc      0%         2d3       99%         4
 Olgreb's Toxic Radiance  Pois           0%         N/A       99%         4
 Starburst                Conj/Fire      0%         6d3       100%        6


Dungeon Overview and Level Annotations

Branches:
Dungeon (6/15)
 Temple: D:4-7

Altars:

Shops:
D:2 [


Innate Abilities, Weirdness & Mutations

You are too large for most types of armour.
You have claws for hands.
Your natural rate of healing is unusually fast.
You are covered in fur. (AC +1)
You have tough skin. (AC +1)


Message History

The adder poisons you!
Found a hand axe.
You feel sick. The adder attacks as you move away!
The adder closely misses you.
You feel sick. The adder attacks as you move away!
The adder closely misses you.
You feel sick. The adder bites you but does no damage.
You feel sick.
A necrophage comes into view.
Found 6 stones.
You feel sick.
You feel sick. The adder bites you but does no damage.
You feel sick.
You are no longer poisoned.
The adder misses you. The necrophage barely misses you.
The necrophage attacks as you move away!
The necrophage closely misses you.
You see here 6 stones.
Found 7 stones.
An orc warrior and 2 orcs come into view.
Found 20 gold pieces.
The adder bites you.
You are poisoned.
The adder poisons you! The adder attacks as you move away!
The adder bites you but does no damage.
The necrophage attacks as you move away!
The necrophage closely misses you.
You feel sick.
The orc shouts!
You hear a shout!
The orc shouts!
You feel sick.
The orc warrior shouts!
An orc comes into view. It is wielding a +0 falchion.
The adder closely misses you.
The necrophage attacks as you move away!
The necrophage hits you.
You feel drained.
You feel sick. The adder attacks as you move away! The adder misses you.
The necrophage attacks as you move away!
The necrophage hits you.
You feel sick. The ogre barely misses you.
The necrophage attacks as you move away!
The necrophage misses you.
Found a potion of curing.
You feel sick. The ogre attacks as you move away!
The ogre hits you with a +0 giant spiked club!!
Ouch! That really hurt!
You die...

#.......# .#......#......#
#...w...#.# #......#w.)...#
#.......#.. #........#.....
#....)..#. #.......###..#.
#.......#. #+##.##.....###
#.#.....#### .. #.....w.#.
#......l...# ####..........
######(...O.O.#......#....w#..
..........Yo.n@(......##...##..
#.#######o...S........#.....#..
...o#######.####..........
#.... !.. #.......#. #....
...###.....### #...$
....#..###. #. #.... .....
...S. ##+#+ ..#. .....# ......#


You could see an orc warrior, an ice beast, 2 ogres, a necrophage, a worm, an
iguana, an adder and 2 orcs.

Vanquished Creatures
  An iguana (D:2)
  2 adders (D:2)
  5 dart slugs
  A worm (D:2)
  5 ball pythons
  4 endoplasms
  A giant cockroach (D:1)
  6 hobgoblins
  4 jackals (D:1)
  3 kobolds
  2 quokkas (D:2)
  2 bats
  3 rats
39 creatures vanquished.

Notes
Turn   | Place    | Note
-------+----------+-------------------------------------------
     0 | D:1      | Darius099 the Troll Monk began the quest for the Orb.
     0 | D:1      | Reached XP level 1. HP: 22/22 MP: 0/0
   278 | D:1      | Reached XP level 2. HP: 25/29 MP: 1/1
   573 | D:1      | Found a faded altar of an unknown god.
   797 | D:2      | Reached XP level 3. HP: 36/36 MP: 2/2
   929 | D:2      | Reached skill level 4 in Unarmed Combat
   985 | D:2      | Reached XP level 4. HP: 41/44 MP: 3/3
  1061 | D:2      | Found Vima's Armour Emporium.
  1506 | D:3      | You fall into a shaft and drop 3 floors!
  1526 | D:5      | Entered Level 5 of the Dungeon
  1530 | D:5      | Noticed an ogre
  1537 | D:5      | Noticed a necrophage
  1564 | D:5      | Noticed an ogre
  1581 | D:5      | Noticed an ice beast
  1617 | D:5      | Noticed a necrophage
  1626 | D:5      | Noticed an orc warrior
  1632 | D:5      | Slain by an ogre

Illustrated notes

Levels and vault maps discovered:
D:1:      minmay_arrival_widening_spiral_narrow, layout_rooms,
          shapermc_ecumenical_altar_gd, grunt_decor_mini_mirrors,
          minmay_misc_feat_more_columns
D:2:      layout_rooms, serial_shops, shop_coins, minmay_misc_feat_doors,
          minmay_heptomino_w4
D:3:      layout_loops_corners, chequers_temple_overflow_statue_of_worship,
          minmay_misc_feat_chi
D:5:      nicolae_cairo_tiling_large_dashed, layout_basic,
          minmay_temple_entry_from_below_a, hex_large, grunt_decor_junction
D:6:      layout_basic, serial_shops, shop

Skill      XL: |  1  2  3 |
---------------+----------+-----
Unarmed Combat | 4 |  4.9
Fighting       | |  2.5
Dodging        | |  2.5
Stealth        | |  1.1

Action                   |  1- 3 |  4- 6 || total
-------------------------+-------+-------++-------
Melee: Unarmed           |    74 |    19 ||    93
       Punch             |     1 |       ||     1
  Use: Potion            |       |     1 ||     1
 Stab: Sleeping          |     3 |     1 ||     4
Armor: Robe              |    12 |    17 ||    29
Dodge: Dodged            |    35 |    34 ||    69
